 Dungeon Crawl Stone Soup version 0.27.1-2-g3b301248ec (webtiles) character file.

Game seed: 3763821132322526680

5 pkoi the Slasher (level 1, -4/18 HPs)
             Began as a Minotaur Gladiator on Sept 26, 2021.
             Slain by a gnoll (6 damage)
             ... on level 1 of the Dungeon.
             The game lasted 00:00:19 (62 turns).

pkoi the Slasher (Minotaur Gladiator)                 Turns: 62, Time: 00:00:20

Health: -4/18      AC:  5    Str: 18    XL:     1   Next: 66%
Magic:  0/0        EV:  9    Int:  5    God:
Gold:   0          SH:  0    Dex: 11    Spells: 0/0 levels left

rFire    . . .     SeeInvis .   a - +0 long sword
rCold    . . .     Faith    .   (no shield)
rNeg     . . .     Spirit   .   b - +0 leather armour
rPois    .         Reflect  .   c - +0 hat
rElec    .         Harm     .   e - +1 cloak
rCorr    .         Rampage  .   (no gloves)
Will     .....                  (no boots)
Stlth    +.........             (no amulet)
HPRegen  0.06/turn              (no ring)
MPRegen  0.07/turn              (no ring)

@: constricted
A: horns 2, retaliatory headbutt
a: no special abilities


You were on level 1 of the Dungeon.
You visited 1 branch of the dungeon, and saw 1 of its levels.

Inventory:

Hand Weapons
 a - a +0 long sword (weapon)
Missiles
 d - 3 throwing nets (quivered)
Armour
 b - a +0 leather armour (worn)
 c - a +0 hat (worn)
 e - a +1 cloak (worn)


   Skills:
 - Level 2.4 Fighting
 + Level 4.1 Long Blades
 - Level 2.0 Throwing
 - Level 3.2 Dodging


You couldn't memorise any spells.
You didn't know any spells.
Your spell library was empty.

Dungeon Overview and Level Annotations

Branches:
Dungeon (1/15)

Altars:


Innate Abilities, Weirdness & Mutations

You have a pair of horns on your head.
You reflexively headbutt those who attack you in melee.


Message History

A rat is nearby!
A rat is nearby!
You are too injured to fight recklessly!
You are too injured to fight recklessly!
You are too injured to fight recklessly!
Found an escape hatch in the floor.
The rat completely misses you. You furiously retaliate!
You headbutt the rat. You hit the rat.
You kill the rat!
You see here a rat corpse.
Found a fizzy purple potion.
A gnoll comes into view. It is wielding a +0 flail.
Found 11 gold pieces.
The gnoll shouts!
You see here a +1 cloak.
e - a +1 cloak You start putting on your armour.
You continue putting on your +1 cloak. x3
The gnoll barely misses you.
You continue putting on your +1 cloak.
The gnoll hits you with a +0 flail.
* * * LOW HITPOINT WARNING * * *
You finish putting on your +1 cloak.
Unknown command.
You closely miss the gnoll. The gnoll closely misses you.
You hit the gnoll.
The gnoll is moderately wounded.
The gnoll hits you with a +0 flail.
* * * LOW HITPOINT WARNING * * *
You completely miss the gnoll.
The gnoll is moderately wounded.
The gnoll misses you. The gnoll barely misses you.
Unknown command.
A ball python comes into view.
A bat comes into view.
The ball python hisses angrily.
You barely miss the bat. The bat hits you but does no damage.
The ball python misses you. The ball python grabs you.
The ball python constricts you. The ball python barely misses you.
The ball python constricts you. The gnoll hits you with a +0 flail.
You die...

##..)....##
###..####
##..#
##>..#
#.#.##
##<.# ###.#
##..g#
#..S@#
##.#.#
#.#b# .....
.# #.. ..
#... ..
.... .....


You could see a gnoll, a bat and a ball python.

Vanquished Creatures
  A ball python (D:1)
  An endoplasm (D:1)
  A hobgoblin (D:1)
  A kobold (D:1)
  A rat (D:1)
5 creatures vanquished.

Notes
Turn   | Place    | Note
-------+----------+-------------------------------------------
     0 | D:1      | pkoi the Minotaur Gladiator began the quest for the Orb.
     0 | D:1      | Reached XP level 1. HP: 18/18 MP: 0/0
    14 | D:1      | Reached skill level 4 in Long Blades
    62 | D:1      | Slain by a gnoll

Illustrated notes

Levels and vault maps discovered:
D:1:      onia_arrival_handbag, layout_rooms, serial_aquarium,
          aquarium_bridge_straight [aquarium_subvault_bridge,
          aquarium_subvault_wall, aquarium_subvault_bridge,
          aquarium_subvault_balcony], aquarium_window_1, aquarium_window_2,
          aquarium_window_fake, aquarium_view_2e, aquarium_pool_double,
          minmay_misc_feat_alley, lemuel_another_geyser

Skill      XL: |  1 |
---------------+----+-----
Long Blades    | 4 |  4.1
Fighting       | |  2.4
Throwing       | |  2.0
Dodging        | |  3.2

Action                   || total
-------------------------++-------
Melee: Long sword        ||    13
Armor: Leather armour    ||     3
Dodge: Dodged            ||    13
